 Dungeon Crawl Stone Soup version 0.21.0-3-g78d12a8 (webtiles) character file.

3934 Inkary the Cleaver (level 10, -5/135 HPs)
             Began as a Minotaur Berserker on Jan 10, 2018.
             Was a Priest of Trog.
             Slain by a two-headed ogre
             ... wielding a +0 giant club
              (24 damage)
             ... on level 8 of the Dungeon.
             The game lasted 00:14:52 (7004 turns).

Inkary the Cleaver (Minotaur Berserker)             Turns: 7004, Time: 00:14:53

Health: -5/135     AC:  6    Str: 27    XL:     10   Next: 1%
Magic:  9/9        EV: 12    Int:  4    God:    Trog [***...]
Gold:   338        SH: 11    Dex: 13    Spells: 9/9 levels left

rFire    . . .     SeeInvis .   G - +0 war axe
rCold    . . .     Gourm    .   x - +0 shield
rNeg     . . .     Faith    .   b - +0 ring mail
rPois    .         Spirit   .   (helmet restricted)
rElec    .         Reflect  .   (no cloak)
rCorr    .         Harm     .   (no gloves)
MR       ++...                  (no boots)
Stlth    ..........             (no amulet)
HPRegen  1.32/turn              (no ring)
MPRegen  0.11/turn              (no ring)

@: berserking, regenerating, very quick
A: retaliatory headbutt, horns 2
a: Berserk, Trog's Hand, Burn Spellbooks, Renounce Religion


You were on level 8 of the Dungeon.
You worshipped Trog.
Trog was most pleased with you.
You were very hungry.

You visited 2 branches of the dungeon, and saw 9 of its levels.
You also visited: Ossuary.

You collected 396 gold pieces.
You spent 58 gold pieces at shops.

Inventory:

Hand Weapons
 B - a +1 flail of holy wrath
 G - a +0 war axe (weapon)
Armour
 b - a +0 ring mail (worn)
 w - a +0 large shield
 x - a +0 shield (worn)
Wands
 f - a wand of flame (22)
 p - a wand of iceblast (9)
 q - a wand of digging (12)
 y - a wand of polymorph (15)
Scrolls
 d - 4 scrolls of blinking
 i - a scroll of magic mapping
 j - 4 scrolls of fog
 k - 6 scrolls of teleportation {unknown}
 m - a scroll of enchant armour {unknown}
 r - a scroll of immolation {unknown}
 s - 7 scrolls of fear {unknown}
 t - a scroll of remove curse {unknown}
 v - a scroll of enchant weapon {unknown}
 F - 2 scrolls of identify
Potions
 e - 3 potions of lignification
 g - 6 potions of haste {unknown}
 h - 2 potions of ambrosia
 l - a potion of brilliance
 n - 7 potions of curing
 o - 3 potions of flight {unknown}
 z - a potion of degeneration {unknown}
 A - 3 potions of heal wounds {unknown}
 C - a potion of mutation {unknown}
 D - a potion of cancellation {unknown}
 E - a potion of invisibility {unknown}
Books
 u - a book of Battle

   Spells                             Type                      Level
   a - Infusion                       Charms                       1
   b - Shroud of Golubria             Charms/Translocation         2
   c - Song of Slaying                Charms                       2
   d - Spectral Weapon                Hexes/Charms                 3
   e - Regeneration                   Charms/Necromancy            3
   Trog disapproves of the use of such an item.
Comestibles
 a - 4 chunks of flesh
 c - 22 rations


   Skills:
 + Level 8.6 Fighting
 + Level 11.3 Axes
 + Level 8.1 Armour
 - Level 5.0 Dodging
 + Level 5.7 Shields


You had 9 spell levels left.
You didn't know any spells.

Dungeon Overview and Level Annotations

Branches:
Dungeon (8/15)             Temple (1/1) D:6
   Lair: D:8-11

Altars:
Cheibriados
Dithmenos
Elyvilon
Fedhas
Gozag
Hepliaklqana
Kikubaaqudgha
Nemelex Xobeh
Okawaru
Qazlal
Ru
Sif Muna
Trog
Uskayaw
Wu Jian
Xom
Yredelemnul
Zin
The Shining One

Shops:
D:5 *[[([


Innate Abilities, Weirdness & Mutations

You reflexively headbutt those who attack you in melee.
You have a pair of horns on your head.


Message History

You feel resistant to hostile enchantments.
You are feeling hungry.
You can no longer call in reinforcements.
The two-headed ogre barely misses you. x2
A red film seems to cover your vision as you go berserk!
You feel yourself moving faster!
You feel mighty!
You are feeling very hungry.
You barely miss the two-headed ogre.
The two-headed ogre is lightly wounded.
The two-headed ogre hits you with a giant club!!
* * * LOW HITPOINT WARNING * * *
The two-headed ogre hits you with a giant spiked club!
* * * LOW HITPOINT WARNING * * *
You barely miss the two-headed ogre. You headbutt the two-headed ogre!!
The two-headed ogre is heavily wounded.
You slash the two-headed ogre!
The two-headed ogre is heavily wounded.
You block the two-headed ogre's attack.
The two-headed ogre hits you with a giant spiked club!!
You die...

#######+##
#........#
#........#
#.....O.$#
##@#####
####....!.#
#.....###.#
#....#..<.#
###########


You could see a two-headed ogre.

Vanquished Creatures
  The ghost of kegs the Cleaver, a novice HOFi of Okawaru (D:7)
  The ghost of Nicoed the Chopper, an amateur HOBe of Trog (D:3)
  A human (D:7)
  4 hogs (D:7)
  A hungry ghost (D:7)
  Edmund (D:5)
  2 sky beasts
  An ice beast (D:7)
  An ogre (D:4)
  2 centaurs
  Blork the orc (D:6)
  A gnoll sergeant (D:4)
  5 bullfrogs
  4 water moccasin zombies (Ossuary)
  A scorpion (D:6)
  A howler monkey (D:5)
  4 crimson imps
  A bullfrog zombie (D:3)
  A centaur zombie (D:5)
  3 jellies
  An orc priest (D:3)
  4 bullfrog skeletons
  2 hounds
  2 worker ants
  3 big kobold zombies (Ossuary)
  2 mummies (Ossuary)
  13 adders
  13 gnolls
  A shadow imp (D:7)
  2 oozes
  5 adder zombies (Ossuary)
  3 worms
  4 dart slugs
  3 leopard geckos
  17 orcs
  9 bats
  4 giant cockroaches
  4 gnoll zombies (Ossuary)
  10 goblins
  5 hobgoblins
  4 jackals (D:5)
  6 kobolds
  2 quokkas
  3 frilled lizards
  7 hobgoblin zombies (Ossuary)
  A jackal zombie (D:5)
  7 kobold zombies (Ossuary)
  4 orc zombies (Ossuary)
  A quokka skeleton (D:4)
  2 quokka zombies
  7 rats
188 creatures vanquished.

Notes
Turn   | Place    | Note
-------+----------+-------------------------------------------
     0 | D:1      | Inkary the Minotaur Berserker began the quest for the Orb.
     0 | D:1      | Reached XP level 1. HP: 19/19 MP: 0/0
   130 | D:1      | Reached XP level 2. HP: 27/27 MP: 1/1
   135 | D:1      | Reached skill level 4 in Axes
   690 | D:2      | Reached XP level 3. HP: 30/33 MP: 2/2
   908 | D:2      | Reached ** piety under Trog
   921 | D:2      | Reached XP level 4. HP: 39/40 MP: 3/3
  1184 | D:2      | Reached skill level 5 in Axes
  1483 | D:3      | Reached XP level 5. HP: 44/47 MP: 4/4
  1562 | D:3      | Noticed Nicoed's ghost (amateur HOBe)
  1795 | D:3      | Killed Nicoed's ghost
  1795 | D:3      | Reached skill level 5 in Fighting
  1795 | D:3      | Reached skill level 6 in Axes
  1795 | D:3      | Reached XP level 6. HP: 56/56 MP: 5/5
  2205 | D:3      | Found a stormy altar of Qazlal.
  2361 | D:3      | Reached XP level 7. HP: 61/61 MP: 6/6
  2781 | D:4      | Found a shimmering altar of Xom.
  2786 | D:4      | Found a shadowy altar of Dithmenos.
  2787 | D:4      | Found a glowing silver altar of Zin.
  2787 | D:4      | Found a basalt altar of Yredelemnul.
  2787 | D:4      | Found an ancient bone altar of Kikubaaqudgha.
  2790 | D:4      | Found a white marble altar of Elyvilon.
  2792 | D:4      | Found a deep blue altar of Sif Muna.
  2832 | D:4      | Reached *** piety under Trog
  2832 | D:4      | Reached skill level 7 in Axes
  3163 | D:4      | Found a sacrificial altar of Ru.
  3236 | D:4      | Reached skill level 5 in Armour
  3556 | D:5      | Entered Level 5 of the Dungeon
  3729 | D:5      | Found Dekh's Antique Armour Emporium.
  3759 | D:5      | Found Requang's Antique Weapon Emporium.
  3767 | D:5      | Reached skill level 5 in Dodging
  3790 | D:5      | Reached XP level 8. HP: 70/70 MP: 7/7
  3839 | D:5      | Found Xogiczon's Armour Shop.
  3901 | D:5      | Found Zezyo's Armour Shoppe.
  3909 | D:5      | Bought a +0 shield for 58 gold pieces
  3931 | D:5      | Found Faonurgh's Assorted Antiques.
  4101 | D:5      | Noticed Edmund
  4171 | D:5      | Killed Edmund
  4171 | D:5      | Reached skill level 8 in Axes
  4171 | D:5      | Reached skill level 1 in Shields
  4349 | D:6      | Found a sand-covered staircase.
  4359 | Ossuary  | Entered an ossuary
  4767 | D:6      | Reached **** piety under Trog
  4811 | D:6      | Reached skill level 9 in Axes
  4894 | D:6      | Found a staircase to the Ecumenical Temple.
  4894 | D:6      | Noticed Blork the orc
  4904 | D:6      | Killed Blork the orc
  4935 | Temple   | Entered the Ecumenical Temple
  5421 | D:7      | Reached XP level 9. HP: 73/79 MP: 8/8
  5483 | D:7      | Noticed kegs's ghost (novice HOFi)
  5783 | D:7      | Found an iron altar of Okawaru.
  5843 | D:7      | Killed kegs's ghost
  5843 | D:7      | Reached skill level 10 in Axes
  6429 | D:7      | Reached skill level 5 in Shields
  6566 | D:7      | HP: 2/81 [hog (11)]
  6569 | D:7      | Reached skill level 11 in Axes
  6990 | D:8      | Reached XP level 10. HP: 88/90 MP: 9/9
  6995 | D:8      | Noticed a two-headed ogre
  7004 | D:8      | Slain by a two-headed ogre

Skill      XL: |  1  2  3  4  5  6  7  8  9 |
---------------+----------------------------+-----
Axes           | 4 5 6 7 9 11 | 11.3
Fighting       | 4 5 6 7 8 |  8.6
Armour         | 3 4 5 6 8 |  8.1
Dodging        | 3 4 5 |  5.0
Shields        | 3 5 |  5.7

Action                   |  1- 3 |  4- 6 |  7- 9 | 10-12 || total
-------------------------+-------+-------+-------+-------++-------
Melee: Hand axe          |    55 |   115 |   193 |       ||   363
       Headbutt          |    10 |    21 |    72 |     1 ||   104
       Flail             |       |       |   116 |       ||   116
       Unarmed           |       |       |     2 |       ||     2
       War axe           |       |       |     6 |     7 ||    13
Invok: Trog's Hand       |       |     2 |     6 |     1 ||     9
       Berserk           |       |     1 |     9 |     1 ||    11
  Use: Scroll            |       |       |     7 |       ||     7
 Stab: Sleeping          |     1 |     2 |       |       ||     3
  Eat: Chunk             |       |     3 |    19 |       ||    22
       Ration            |       |     1 |     2 |       ||     3
Armor: Animal skin       |    13 |    16 |     1 |       ||    30
       Ring mail         |       |       |    56 |     1 ||    57
Dodge: Dodged            |    47 |    84 |   107 |     3 ||   241
Block: Shield            |       |       |    83 |     3 ||    86
